Map: Odyssey LE

Players

eXile - Winner!

  • Race: Zerg Zerg
  • League: Gold
  • Spawn Location: 11:00

harricus

  • Race: Zerg Zerg
  • League: Platinum
  • Spawn Location: 5:00

VOD

Have the link to the VOD?

Description

Time

  • Played on: May 26, 2017, 7:26 p.m.
  • Length: 9:40
Show
View Real Time Build Order
Export as new Build Order

eXile Zerg - Winner!

Build Orders: Hatch First 

Get SALT Encoding   

  12  0:01  Drone  
  13  0:13  Overlord  
  13  0:19  Drone  
  14  0:32  Drone x2  
  16  0:43  Drone  
  17  0:54  Hatchery  
  16  0:58  Drone  
  17  1:10  Drone x2  
  19  1:19  Spawning Pool  
  19  1:22  Extractor  
  17  1:36  Drone x2  
  19  1:46  Overlord  
  19  2:07  Zergling x4  
  21  2:10  Zergling x2  
  21  2:12  Drone  
  21  2:15  Queen x2  
  25  2:22  Metabolic Boost  
  27  2:25  Zergling x2  
  28  2:35  Spine Crawler  
  27  2:40  Drone x2  
  29  2:44  Baneling Nest  
  29  2:49  Drone  
  29  2:59  Evolution Chamber  
  28  3:09  Drone x5  
  33  3:26  Zerg Melee Weapons Level 1  
  33  3:28  Zergling x6  
  36  3:35  Overlord  
  36  3:56  Overlord  
  36  3:57  Zergling x4  
  36  3:58  Zergling x12  
  44  4:05  Overlord  
  44  4:25  Zergling x6  
  44  4:26  Zergling x4  
  44  4:28  Drone x7  
  56  4:33  Extractor  
  54  4:59  Zergling x2  
  56  5:00  Zergling x10  
  55  6:03  Drone  
  56  6:16  Hatchery  
  53  6:26  Zergling x2  
  53  6:27  Zergling x12  
  52  6:49  Zergling x16  
  54  6:59  Zerg Missile Weapons Level 1  
  53  7:02  Extractor  
  53  7:03  Lair, Extractor  
  51  7:23  Roach Warren  
  51  7:27  Drone x5  
  51  7:28  Drone  
  56  7:45  Drone x6  
  56  7:46  Drone  
  63  7:55  Drone x2, Hatchery  
  63  7:56  Drone  
  65  8:06  Pneumatized Carapace  
  65  8:09  Overlord x3  
  65  8:10  Overlord x3  
  65  8:12  Overlord x3  
  65  8:30  Roach x2  
  65  8:31  Roach x4  
  77  8:47  Drone x3  
  80  8:51  Evolution Chamber  
  79  9:05  Roach  
  79  9:06  Roach x8  
  97  9:14  Overseer  
Show
View Real Time Build Order
Export as new Build Order

harricus Zerg 

Build Orders: Pool First 

Get SALT Encoding   

  12  0:02  Drone  
  13  0:08  Drone  
  14  0:29  Spawning Pool  
  13  0:40  Drone  
  14  0:57  Hatchery  
  14  1:03  Drone  
  14  1:11  Drone, Extractor  
  14  1:33  Hatchery  
  14  1:37  Drone  
  14  1:46  Overlord  
  14  2:04  Zergling x6  
  17  2:13  Queen  
  19  2:18  Drone  
  20  2:23  Drone  
  21  2:30  Drone  
  21  2:32  Drone  
  23  2:46  Drone  
  23  2:47  Drone  
  23  2:50  Zergling x2  
  26  2:53  Metabolic Boost  
  26  2:56  Drone  
  27  3:13  Drone x2  
  27  3:15  Queen  
  27  3:19  Evolution Chamber  
  30  3:21  Drone x2  
  30  3:23  Drone  
  33  3:35  Roach Warren  
  33  3:39  Drone  
  33  3:40  Drone  
  34  3:42  Overlord  
  34  3:50  Overlord  
  34  3:59  Queen  
  34  4:00  Drone x2  
  38  4:08  Extractor  
  38  4:09  Drone x3  
  40  4:10  Drone x3  
  43  4:23  Roach x2  
  49  4:24  Roach  
  49  4:31  Spine Crawler  
  49  4:33  Roach  
  50  4:43  Queen  
  39  4:54  Spawning Pool  
  39  4:56  Roach x3  
  36  5:07  Spine Crawler  
  36  5:08  Spine Crawler  
  36  5:13  Spine Crawler  
  36  5:14  Drone  
  32  5:19  Drone, Roach Warren  
  22  5:23  Drone x3  
  20  5:36  Drone  
  21  5:44  Extractor  
  20  6:01  Roach x4  
  28  6:18  Spine Crawler  
  28  6:19  Roach x2  
  28  6:22  Roach x2  
  28  6:23  Roach  
  37  6:34  Lair  
  23  7:05  Drone x3  
  26  7:19  Baneling Nest  
  25  7:28  Zergling x2  
  25  7:29  Zergling x2  
  27  7:47  Zergling x2  
  27  7:50  Zergling x2  
  27  7:51  Hatchery  
  28  8:04  Zergling x2  
  29  8:08  Drone x3  
  29  8:10  Baneling x4  
  29  8:11  Baneling x2  
  32  8:30  Drone x2  
  34  8:39  Baneling x3  
  34  9:01  Baneling  
Tags
 
Add a new tag
Caveats
  • Supply blocks, unpowered buildings, or Contaminate may cause inaccurate times.
  • Supply counts are checked every 10 seconds.